 Dungeon Crawl Stone Soup version 0.25-a0-734-g73332aeda9 (console) character file.

Game seed: 10385209255602315372, levelgen mode: deterministic

5190 xgamerde the Basher (level 10, -2/88 HPs)
             Began as a Minotaur Monk on Apr 11, 2020.
             Was an Elder of Trog.
             Shot with a bolt by an orc warrior (28 damage)
             ... in a bailey.
             The game lasted 00:29:47 (5732 turns).

xgamerde the Basher (Minotaur Monk)                 Turns: 5732, Time: 00:29:47

Health: -2/88      AC: 15    Str: 28    XL:     10   Next: 34%
Magic:  12/12      EV: 13    Int:  7    God:    Trog [****..]
Gold:   428        SH: 10    Dex: 19    Spells: 9/9 levels left

rFire    . . .     SeeInvis +   w - +2 whip (freeze)
rCold    . . .     Gourm    +   J - +4 buckler of the Rose {rElec Str+4 Dex-2 SInv}
rNeg     . . .     Faith    .   D - +0 plate armour
rPois    .         Spirit   .   (helmet restricted)
rElec    +         Reflect  .   o - +1 cloak of Qeri {Regen+ Str+4 Dex+5}
rCorr    .         Harm     .   B - +0 pair of gloves
MR       .....                  (no boots)
Stlth    ..........             A - amulet of the gourmand
HPRegen  0.64/turn              g - +3 ring of evasion
MPRegen  0.13/turn              O - ring of Woezooc {+Blink Str+4}

@: studying Maces & Flails, very slow
A: retaliatory headbutt, horns 2
a: Berserk, Trog's Hand, Brothers in Arms, Renounce Religion, Evoke Blink


You were in a bailey.
You worshipped Trog.
Trog was greatly pleased with you.
You were very full.

You visited 1 branch of the dungeon, and saw 8 of its levels.
You also visited: Bailey.

You collected 428 gold pieces.

Inventory:

Hand Weapons
 a - a +0 hand axe
 h - a +0 dire flail
 w - a +2 whip of freezing (weapon)
 y - a +0 vampiric hand axe
 M - a +2 trident of flaming
Missiles
 r - 32 boomerangs (quivered)
Armour
 f - a +0 cloak of magic resistance
 o - the +1 cloak of Qeri (worn) {Regen+ Str+4 Dex+5}
   (You found it on level 7 of the Dungeon)

   It affects your strength (+4).
   It affects your dexterity (+5).
   It increases your rate of regeneration.
 B - a +0 pair of gloves (worn)
 D - a +0 plate armour (worn)
 I - a +0 kite shield
 J - the +4 buckler of the Rose (worn) {rElec Str+4 Dex-2 SInv}
   (You took it off a gnoll sergeant on level 7 of the Dungeon)

   It affects your strength (+4).
   It affects your dexterity (-2).
   It insulates you from electricity.
   It lets you see invisible.
Jewellery
 g - a +3 ring of evasion (left hand)
 A - an amulet of the gourmand (around neck)
 N - an uncursed ring of see invisible
 O - the ring of Woezooc (right hand) {+Blink Str+4}
   (You found it on level 7 of the Dungeon)

   [ring of strength]

   It affects your strength (+4).
   It lets you blink.
Wands
 C - a wand of random effects (4)
 H - a wand of acid (9)
 L - a wand of enslavement (9)
Scrolls
 b - a scroll of enchant armour {unknown}
 d - a scroll of random uselessness {unknown}
 e - a scroll of fog {unknown}
 i - a scroll of teleportation
 k - a scroll of fear
 s - 2 scrolls of enchant weapon
 u - 3 scrolls of remove curse
 E - a scroll of immolation {unknown}
 F - a scroll of holy word {unknown}
 G - a scroll of noise {unknown}
Potions
 j - a potion of berserk rage {unknown}
 l - 3 potions of heal wounds
 m - 3 potions of flight
 n - a potion of curing
 p - 4 potions of brilliance
 q - a potion of lignification {unknown}
 t - a potion of ambrosia {unknown}
 v - 2 potions of stabbing
 z - a potion of haste {unknown}
Books
 P - a manual of Maces & Flails
Comestibles
 c - 15 rations
 x - a chunk of flesh


   Skills:
 - Level 7.8 Fighting
 - Level 10.2(12.7) Axes
 + Level 12.5(13.8) Maces & Flails
 + Level 5.4 Armour
 + Level 3.5 Dodging
 - Level 1.5 Stealth
 - Level 4.0 Shields
 - Level 4.0 Evocations


You had 9 spell levels left.
You didn't know any spells.
Your spell library was empty.

Dungeon Overview and Level Annotations

Branches:
Dungeon (8/15)             Temple (0/1) D:4          Bailey (1/1)
   Lair: D:8-11

Altars:
Cheibriados
Fedhas
Kikubaaqudgha
Qazlal
Sif Muna
Trog

Annotations:
D:3 !orc priest with trident of distortion


Innate Abilities, Weirdness & Mutations

You reflexively headbutt those who attack you in melee.
You have a pair of horns on your head.


Message History

The orc shoots a bolt.
The bolt closely misses you.
You hear a splash.
You block the orc warrior's attack.
You barely miss the orc warrior. Your headbutt misses the orc warrior.
The orc warrior is heavily wounded.
Your unstable footing causes you to fumble your attack.
You block the orc warrior's attack.
The orc shoots a bolt.
The bolt barely misses you.
You hear a splash.
The orc warrior wields a +0 arbalest.
The orc warrior shoots a bolt.
The bolt hits you.
The orc shoots a bolt.
You block the bolt.
You hear a splash.
The orc warrior shoots a bolt.
The bolt hits you!
You hear a splash.
The orc shoots a bolt.
The bolt hits you.
* * * LOW HITPOINT WARNING * * *
You hear a splash.
You see here 5 bolts.
The orc warrior shoots a bolt.
The bolt hits you!!
You die...

#......≈##.##≈≈≈≈≈≈(≈≈≈≈≈≈
#......≈..^))≈((((((≈≈≈≈≈≈
#......≈##.∩#≈≈≈≈(≈≈≈≈≈≈≈≈
#......≈≈#.#≈≈≈≈≈≈#######≈
#......≈≈≈≈≈≈≈≈(≈## #≈
#......≈≈≈≈≈≈≈(≈## #≈
#......≈≈≈≈≈≈(≈## #≈
#......(((≈≈(≈≈# #≈
#......≈≈≈(≈≈≈## ##
#...(..≈≈≈≈≈≈≈# +
#..(...≈≈@(≈(≈#
#......≈≈≈(≈≈(#
#..(...≈≈≈≈≈≈≈##
#......≈≈≈≈≈(o≈#
#......≈≈≈≈≈≈≈≈#
#......≈≈≈≈≈≈≈≈≈## #
#..(...≈≈≈≈≈≈≈≈≈≈#### ####
#......≈≈#o#≈≈≈≈≈≈≈≈###≈≈≈
#......≈##o∩#≈≈≈≈≈≈≈≈≈≈≈≈≈
#......≈o.^.o≈≈≈≈≈≈(≈≈≈≈≈≈
#......≈##.##≈≈≈≈(≈≈≈≈≈≈≈≈


You could see an orc warrior and an orc.

Vanquished Creatures
  A two-headed ogre (D:8)
  The ghost of karf the Cleaver, a novice MiMo (D:7)
  Pikel (D:4)
  A water moccasin (D:8)
  An eye of draining (D:8)
  An ice beast (D:8)
  4 orc warriors
  A slave (D:4)
  5 ogres
  4 centaurs
  A crocodile (D:7)
  A big kobold (D:7)
  Blork the orc (D:6)
  3 gnoll sergeants (D:7)
  3 bullfrogs
  2 scorpions
  11 killer bees (D:7)
  2 crimson imps
  A quasit (D:6)
  Crazy Yiuf (D:6)
  3 orc priests
  A gnoll shaman (D:7)
  5 hounds
  4 bullfrog skeletons
  An iguana (D:7)
  4 orc wizards
  2 worker ants
  A mummy (D:7)
  A worker ant zombie (D:5)
  2 adders (D:4)
  10 gnolls
  A river rat (D:6)
  2 shadow imps
  2 oozes
  An adder skeleton (D:5)
  An adder zombie (D:7)
  4 worms
  A dart slug (D:1)
  4 leopard geckos
  34 orcs
  3 giant cockroaches
  5 goblins
  5 hobgoblins
  14 jackals
  3 quokkas
  4 bats (D:1)
  3 frilled lizards
  13 kobolds
  5 rats
  A rat zombie (D:5)
186 creatures vanquished.

Vanquished Creatures (others)
  An orc wizard (D:5)
  A jackal (D:4)
2 creatures vanquished.

Grand Total: 188 creatures vanquished

Notes
Turn   | Place    | Note
-------+----------+-------------------------------------------
     0 | D:1      | xgamerde the Minotaur Monk began the quest for the Orb.
     0 | D:1      | Reached XP level 1. HP: 19/19 MP: 0/0
   174 | D:1      | Reached XP level 2. HP: 26/26 MP: 1/1
   284 | D:1      | Reached skill level 5 in Axes
   485 | D:1      | Reached XP level 3. HP: 31/31 MP: 2/2
   680 | D:2      | Found a blossoming altar of Fedhas.
  1216 | D:2      | Found a shimmering blue altar of Sif Muna.
  1216 | D:2      | Found a bloodstained altar of Trog.
  1219 | D:2      | Became a worshipper of Trog the Wrathful
  1219 | D:2      | Reached * piety under Trog
  1219 | D:2      | Reached ** piety under Trog
  1359 | D:4      | Noticed an ogre
  1383 | D:4      | Killed an ogre
  1383 | D:4      | Reached XP level 4. HP: 36/39 MP: 3/3
  1383 | D:4      | Reached XP level 5. HP: 42/45 MP: 4/4
  1440 | D:4      | Noticed a slave
  1440 | D:4      | Noticed Pikel
  1440 | D:4      | Noticed a slave
  1476 | D:4      | Killed a slave
  1609 | D:5      | Entered Level 5 of the Dungeon
  1633 | D:4      | Noticed a slave
  1635 | D:4      | Noticed a slave
  1643 | D:4      | Killed Pikel
  1643 | D:4      | Reached skill level 10 in Axes
  1643 | D:4      | Reached XP level 6. HP: 51/51 MP: 5/5
  1643 | D:4      | Reached XP level 7. HP: 57/57 MP: 6/6
  1663 | D:4      | Found a staircase to the Ecumenical Temple.
  1739 | D:4      | Reached skill level 1 in Armour
  2732 | D:5      | Reached skill level 5 in Armour
  2736 | D:5      | Reached *** piety under Trog
  2754 | D:5      | Reached XP level 8. HP: 52/64 MP: 7/7
  2789 | D:5      | Reached skill level 5 in Fighting
  3289 | D:5      | Found an ancient bone altar of Kikubaaqudgha.
  3341 | D:5      | Got a shimmering leather armour
  3746 | D:6      | Noticed Blork the orc
  3758 | D:6      | Killed Blork the orc
  3940 | D:6      | Found a runed translucent door.
  3941 | D:6      | Noticed Crazy Yiuf
  3947 | D:6      | Paralysed by Crazy Yiuf for 7 turns
  3960 | D:6      | Killed Crazy Yiuf
  3960 | D:6      | Reached skill level 1 in Maces & Flails
  4399 | D:7      | Reached skill level 2 in Maces & Flails
  4419 | D:7      | Reached skill level 3 in Maces & Flails
  4424 | D:7      | Reached skill level 4 in Maces & Flails
  4500 | D:7      | Found a transporter.
  4501 | D:7      | Found a transporter.
  4521 | D:7      | Identified the cursed +1 spear of Wiunaaqu {vamp, SInv}
  4521 | D:7      | Identified the +4 buckler of the Rose {rElec Str+4 Dex-2
                  | SInv}
  4541 | D:7      | Reached skill level 5 in Maces & Flails
  4541 | D:7      | Reached XP level 9. HP: 61/81 MP: 8/8
  4666 | D:7      | Noticed karf's ghost (novice MiMo)
  4698 | D:7      | Killed karf's ghost
  4698 | D:7      | Reached skill level 7 in Maces & Flails
  4782 | D:7      | Got a scintillating pewter ring
  4784 | D:7      | Identified the ring of Woezooc {+Blink Str+4} (You found it
                  | on level 7 of the Dungeon)
  4807 | D:7      | Identified the +1 leather armour of the Hills {Dex+4} (You
                  | found it on level 5 of the Dungeon)
  4856 | D:7      | Reached skill level 8 in Maces & Flails
  4856 | D:7      | Reached skill level 1 in Shields
  4938 | D:7      | Reached skill level 9 in Maces & Flails
  5002 | D:7      | Found a stormy altar of Qazlal.
  5111 | D:7      | Reached **** piety under Trog
  5124 | D:7      | Reached skill level 10 in Maces & Flails
  5132 | D:7      | Got a slimy cloak
  5143 | D:7      | Identified the +1 cloak of Qeri {Regen+ Str+4 Dex+5} (You
                  | found it on level 7 of the Dungeon)
  5170 | D:7      | Reached skill level 1 in Evocations
  5213 | D:7      | Found a snail-covered altar of Cheibriados.
  5460 | D:8      | Reached skill level 11 in Maces & Flails
  5475 | D:8      | Found a flagged portal.
  5475 | D:8      | Noticed a two-headed ogre
  5482 | D:8      | Reached XP level 10. HP: 81/88 MP: 10/10
  5494 | D:8      | Killed a two-headed ogre
  5510 | D:8      | Reached skill level 12 in Maces & Flails
  5543 | Bailey   | Entered a bailey
  5732 | Bailey   | Shot with a bolt by an orc warrior

Levels and vault maps discovered:
D:1:      dpeg_arrival_windows_large_door, layout_loops_ring
D:2:      minmay_evil_eye, layout_basic, gammafunk_temple_overflow_elements,
          first_ration, fedhas_altar_3
D:3:      layout_loops_ring, lightli_temple_of_fire
D:4:      layout_cave_pools, minmay_temple_entry_wispy, uniq_pikel
D:5:      layout_rooms, lemuel_zombie_altar_kikubaaqudgha
D:6:      layout_loops_corners, gup_sewer_entry_bowl, uniq_blork_the_orc,
          uniq_crazy_yiuf_cottage
D:7:      layout_rooms, slow_altar_2, gammafunk_ghost_gnarly_gnolls,
          grunt_qazlal_clouds
D:8:      layout_basic, ashenzari_altar_1, enter_bailey_2
Bailey:   bailey_polearm_2, bailey

Skill      XL: |  1  2  3  4  5  6  7  8  9 10 |
---------------+-------------------------------+-----
Axes           | 4 5 7 10 | 10.2
Armour         | 5 |  5.4
Fighting       | 7 |  7.8
Maces & Flails | 5 11 12 | 12.5
Shields        | 4 |  4.0
Evocations     | 2 4 |  4.0
Dodging        | |  3.5
Stealth        | |  1.5

Action                   |  1- 3 |  4- 6 |  7- 9 | 10-12 || total
-------------------------+-------+-------+-------+-------++-------
Melee: Hand axe          |   108 |    33 |     4 |       ||   145
       Headbutt          |    17 |     6 |    95 |    25 ||   143
       Whip              |       |       |   382 |    80 ||   462
Invok: Berserk           |     1 |     2 |     5 |       ||     8
       Trog's Hand       |       |     1 |     2 |       ||     3
  Use: Scroll            |       |     1 |    11 |       ||    12
       Potion            |       |       |     1 |     2 ||     3
  Eat: Chunk             |     2 |     2 |    36 |       ||    40
Armor: Scale mail        |    24 |     9 |    36 |       ||    69
       Robe              |     2 |       |       |       ||     2
       Plate armour      |       |       |    67 |    19 ||    86
Dodge: Dodged            |    70 |    20 |   171 |    42 ||   303
Block: Buckler           |       |       |    41 |    51 ||    92

Table legend:
 A = Non-vault XP
 B = Vault XP
 C = Vault XP percentage of total XP
 D = Non-vault monster count
 E = Vault monster count
 F = Vault count percentage of total count
                 A         B        C        D         E       F
            +---------+---------+-------+---------+---------+-------
      Total |    5194 |    2221 |  30.0 |     153 |      33 |  17.7
            +---------+---------+-------+---------+---------+-------
        D:1 |      41 |       0 |   0.0 |      20 |       0 |   0.0
        D:2 |      41 |       3 |   6.8 |      18 |       2 |  10.0
        D:3 |       6 |       0 |   0.0 |       3 |       0 |   0.0
        D:4 |     397 |     673 |  62.9 |      20 |       1 |   4.8
        D:5 |     589 |       1 |   0.2 |      32 |       1 |   3.0
        D:6 |     423 |     161 |  27.6 |       9 |       6 |  40.0
        D:7 |    1773 |    1086 |  38.0 |      38 |      13 |  25.5
        D:8 |    1924 |       0 |   0.0 |      13 |       0 |   0.0
     Bailey |       0 |     297 | 100.0 |       0 |      10 | 100.0
            +---------+---------+-------+---------+---------+-------
